 Dungeon Crawl Stone Soup version 0.26-a0-474-gfaca0e1de5 (webtiles) character file.

Game seed: 4736618030336359033

163 Ishchenko the Bolt Thrower (level 5, -6/39 HPs)
             Began as a Human Hunter on July 31, 2020.
             Was a Follower of Ashenzari.
             Mangled by an orc
             ... wielding a +0 hand axe
              (7 damage)
             ... on level 3 of the Dungeon on Aug 4, 2020.
             The game lasted 00:11:39 (2711 turns).

Ishchenko the Bolt Thrower (Human Hunter)           Turns: 2711, Time: 00:11:39

Health: -6/39      AC:  3    Str: 12    XL:     5   Next: 73%
Magic:  0/5        EV: 12    Int: 11    God:    Ashenzari [*.....]
Gold:   42         SH:  0    Dex: 15    Spells: 4/4 levels left

rFire    + . .     SeeInvis .   b - +0 short sword
rCold    . . .     Faith    .   (no shield)
rNeg     . . .     Spirit   +   c - +0 leather armour
rPois    .         Reflect  .   (no helmet)
rElec    .         Harm     .   (no cloak)
rCorr    .                      (no gloves)
MR       .....                  (no boots)
Stlth    ++........             j - amulet of guardian spirit
HPRegen  0.13/turn              m - ring of protection from fire
MPRegen  0.09/turn              (no ring)

@: no status effects
A: no striking features
a: Curse Item, Scrying, Renounce Religion


You were on level 3 of the Dungeon.
You worshipped Ashenzari.
Ashenzari was aware of your devotion.
You visited 1 branch of the dungeon, and saw 3 of its levels.

You collected 42 gold pieces.

Inventory:

Hand Weapons
 a - a +1 hand crossbow
 b - a +0 short sword (weapon)
Armour
 c - a +0 leather armour (worn)
Jewellery
 j - an amulet of guardian spirit (around neck)
 m - a ring of protection from fire (left hand)
Scrolls
 e - 3 scrolls of blinking
 f - a scroll of noise {unknown}
 g - a scroll of remove curse
 h - a scroll of enchant armour {unknown}
 i - a scroll of teleportation
 n - a scroll of fog {unknown}
Potions
 o - a potion of mutation {unknown}
 p - a potion of stabbing {unknown}
 q - a potion of brilliance {unknown}


   Skills:
 + Level 2.6 Fighting
 + Level 0.9 Short Blades
 + Level 5.4 Crossbows
 + Level 2.1 Armour
 + Level 2.3 Dodging
 + Level 1.0 Stealth


You had 4 spell levels left.
You didn't know any spells.
Your spell library was empty.

Dungeon Overview and Level Annotations

Branches:
Dungeon (3/15)

Altars:
Ashenzari
Cheibriados
Elyvilon
Qazlal


Message History

The orc barely misses you. The orc hits you with a +0 hand axe.
The orc throws a boomerang.
The boomerang barely misses you.
The weapon returns to the orc!
The orc completely misses you.
The orc throws a boomerang.
The boomerang hits you.
The weapon returns to the orc!
The orc hits you with a +0 hand axe. The orc barely misses you.
The orc barely misses you. x2
The orc closely misses you. The orc hits you with a +0 dagger.
The orc hits you but does no damage. The orc closely misses you.
The orc hits you with a +0 hand axe.
* * * LOW HITPOINT WARNING * * *
The orc hits you with a +0 hand axe.
* * * LOW HITPOINT WARNING * * *
The orc hits you with a +0 dagger.
* * * LOW HITPOINT WARNING * * *
The orc hits you but does no damage. The orc misses you.
The orc hits you with a +0 hand axe.
* * * LOW HITPOINT WARNING * * *
The orc hits you with a +0 hand axe!
You die...

####.# #.......#
#.# .....#
#.......####.#
#....#
#....)..##...#
####<##
#>......##.###
#..#####
#.......).<#
##.....#
###...#..###
#####.# #.#...##
##.######.##..#
#..[....o@##...#
##
##..####.o###.#..#
.######.[[.#
##..##.##.#
.##........#
##(oo.# .#
.##...8....# ##...
. .##..8.8...# #.#
.##.8._.8.## .#
.....8.8..# #
......8...#


You could see 2 orcs.

Vanquished Creatures
  2 orc wizards (D:3)
  A worker ant zombie (D:3)
  5 adders
  A worm (D:2)
  A dart slug (D:1)
  4 orcs (D:3)
  6 bats
  A giant cockroach (D:2)
  5 goblins
  6 hobgoblins
  3 quokkas (D:2)
  A ball python (D:2)
  3 frilled lizards
  3 kobolds
  5 rats
47 creatures vanquished.

Notes
Turn   | Place    | Note
-------+----------+-------------------------------------------
     0 | D:1      | Ishchenko the Human Hunter began the quest for the Orb.
     0 | D:1      | Reached XP level 1. HP: 16/16 MP: 1/1
    58 | D:1      | Reached XP level 2. HP: 22/22 MP: 2/2
  1071 | D:2      | Reached XP level 3. HP: 27/27 MP: 3/3
  1310 | D:2      | Found a white marble altar of Elyvilon.
  1496 | D:2      | Reached XP level 4. HP: 32/34 MP: 4/4
  1880 | D:3      | Found a faded altar of an unknown god.
  1921 | D:3      | Reached skill level 5 in Crossbows
  2274 | D:3      | Became a worshipper of Ashenzari the Shackled
  2274 | D:3      | Reached * piety under Ashenzari
  2287 | D:3      | Found a snail-covered altar of Cheibriados.
  2392 | D:3      | Found a stormy altar of Qazlal.
  2405 | D:3      | Reached skill level 1 in Armour
  2428 | D:3      | Reached XP level 5. HP: 39/39 MP: 5/5
  2711 | D:3      | HP: 1/39 [orc/+0 hand axe (3)]
  2711 | D:3      | Mangled by an orc

Illustrated notes

Levels and vault maps discovered:
D:1:      sevenhm_arrival_forest_fort_large_3, layout_loops_corners,
          nrook_mini_backslash, minmay_ruptured
D:2:      layout_basic, elyvilon_altar_3
D:3:      layout_rooms, nicolae_qazlal_general_emergency, cheibriados_altar_1,
          chequers_ecumenical_altar_simple_redux

Skill      XL: |  1  2  3  4  5 |
---------------+----------------+-----
Crossbows      | 5 |  5.4
Armour         | 1 2 |  2.1
Fighting       | |  2.6
Short Blades   | |  0.9
Dodging        | |  2.3
Stealth        | |  1.0

Action                   |  1- 3 |  4- 6 || total
-------------------------+-------+-------++-------
Melee: Short sword       |    14 |    37 ||    51
 Fire: Hand crossbow     |    47 |    49 ||    96
  Use: Potion            |       |     4 ||     4
       Scroll            |       |     2 ||     2
Armor: Leather armour    |     2 |    19 ||    21
Dodge: Dodged            |    16 |    70 ||    86

Table legend: (Time is in decaauts)
 A = Elapsed time spent in this place.
 B = Non-inter-level travel time spent in this place.
 C = Inter-level travel time spent in this place.
 D = Time resting spent in this place.
 E = Time spent auto-exploring this place.
 F = Levels seen in this place.
 G = Mean time per level.
                   A        B        C        D        E       F      G
               +--------+--------+--------+--------+--------+-----+--------+
         Total |   2747 |   2663 |     84 |    417 |   1785 |   3 |  915.7 |
       Dungeon |   2747 |   2663 |     84 |    417 |   1785 |   3 |  915.7 |
               +--------+--------+--------+--------+--------+-----+--------+

Top non-repeatable levels by time:
     D:2: 1133 daAuts
     D:1: 1025 daAuts
     D:3: 589 daAuts
